Map: Echo LE

Players

Balika

  • Race: Terran Terran
  • Spawn Location: 5:00

A.I. 2 (Harder) - Winner!

  • Race: Terran Terran
  • Spawn Location: 11:00

VOD

Have the link to the VOD?

Description

Time

  • Played on: Jan. 25, 2017, 5:17 p.m.
  • Length: 7:08
Show
View Real Time Build Order
Export as new Build Order

Balika Terran 

Build Orders: MMM Bio 

Get SALT Encoding   

  12  0:02  SCV  
  13  0:14  SCV  
  14  0:20  Supply Depot  
  14  0:26  SCV  
  15  0:41  SCV  
  16  0:43  Barracks  
  16  0:48  Refinery  
  16  0:53  SCV  
  17  1:05  SCV  
  18  1:18  SCV  
  19  1:30  Orbital Command  
  19  1:31  Barracks Reactor  
  19  1:44  Command Center  
  19  1:54  Barracks  
  19  1:58  SCV  
  20  2:06  Supply Depot  
  20  2:13  Engineering Bay  
  20  2:18  SCV  
  20  2:20  Marine  
  22  2:23  Marine  
  23  2:34  SCV  
  24  2:40  Bunker  
  24  2:44  Terran Infantry Weapons Level 1  
  24  2:45  Barracks Tech Lab  
  24  2:47  SCV  
  24  2:48  Marine  
  24  2:49  Marine  
  27  2:58  Orbital Command  
  27  3:01  SCV  
  27  3:05  Combat Shields  
  28  3:07  Marine  
  28  3:11  Marine  
  30  3:19  SCV  
  31  3:22  Marine  
  31  3:25  Marine  
  33  3:29  Marine, SCV  
  35  3:35  SCV  
  37  3:41  SCV  
  37  3:44  Marine x2  
  37  3:46  Marine  
  37  3:47  SCV  
  41  3:48  Supply Depot  
  41  3:53  SCV  
  41  3:54  Barracks  
  42  4:01  SCV  
  43  4:03  Marine x2  
  43  4:04  Marine  
  46  4:10  SCV  
  47  4:21  Marine x2  
  47  4:22  Marine  
  47  4:24  Supply Depot  
  50  4:27  SCV  
  50  4:28  SCV  
  50  4:30  Command Center  
  52  4:35  Stimpack  
  52  4:42  Barracks  
  52  4:43  Factory  
  52  4:46  Terran Infantry Armor Level 1  
  52  4:48  SCV x2  
  52  4:49  Marine  
  49  4:56  Marine  
  49  4:57  Marine x2  
  47  5:04  SCV x2  
  49  5:07  Marine  
  50  5:14  Marine  
  50  5:15  Marine x2  
  50  5:16  SCV x2  
  55  5:21  Supply Depot  
  55  5:25  Marine  
  56  5:31  Marine, Armory  
  56  5:32  Marine x3  
  60  5:35  SCV  
  60  5:36  SCV  
  60  5:41  Orbital Command  
  62  5:42  Marine  
  62  5:48  SCV  
  62  5:49  Marine, Barracks, SCV  
  66  5:50  Marine x3  
  69  5:59  Bunker  
  69  6:00  Marine  
  70  6:12  SCV x3  
  73  6:21  Marine  
  73  6:22  Marine x4, Barracks  
  73  6:23  Barracks  
  73  6:24  SCV x3  
  81  6:25  Barracks  
  81  6:36  SCV x3  
  81  6:39  Marine  
  85  6:40  Marine  
  85  6:42  Marine x3  
  74  6:50  SCV  
  74  6:51  SCV x2  
  73  6:57  Barracks Reactor  
Show
View Real Time Build Order
Export as new Build Order

A.I. 2 (Harder) Terran - Winner!

Build Orders:  

Get SALT Encoding   

  12  0:00  SCV  
  13  0:13  SCV  
  14  0:19  Supply Depot  
  14  0:25  SCV  
  15  0:40  SCV  
  16  0:44  Barracks  
  16  0:53  SCV  
  17  1:05  SCV  
  18  1:16  Command Center  
  18  1:32  Marine, Orbital Command  
  18  1:37  Supply Depot  
  19  1:44  Refinery  
  19  1:50  Marine  
  20  1:58  SCV  
  20  2:00  Barracks  
  21  2:07  Refinery  
  21  2:10  SCV  
  22  2:24  SCV  
  23  2:30  Marine  
  23  2:37  SCV  
  25  2:39  Factory  
  25  2:47  Marine  
  25  2:48  Barracks Tech Lab  
  25  2:50  SCV  
  27  3:00  Refinery  
  27  3:05  Marine  
  28  3:11  Refinery  
  28  3:13  Marauder  
  30  3:20  SCV  
  30  3:24  SCV  
  30  3:26  Hellion  
  34  3:32  Barracks Tech Lab, SCV  
  35  3:39  Supply Depot, SCV  
  36  3:44  SCV  
  36  3:48  Factory Tech Lab  
  37  3:50  Factory  
  37  3:51  SCV  
  38  3:56  SCV  
  39  4:05  Starport  
  39  4:07  Siege Tank  
  42  4:14  Starport  
  42  4:22  Marauder  
  44  4:34  Factory Tech Lab  
  44  4:35  SCV  
  44  4:36  SCV  
  46  4:40  Siege Tank  
  46  4:41  Starport Tech Lab  
  46  4:44  Supply Depot  
  49  4:47  SCV  
  49  4:48  Marine  
  49  4:51  Starport Tech Lab  
  44  5:01  Marine  
  44  5:04  SCV  
  44  5:05  SCV  
  47  5:13  Marine  
  48  5:16  SCV  
  48  5:17  SCV  
  48  5:20  Combat Shields  
  50  5:26  Marine, Engineering Bay  
  52  5:28  SCV  
  52  5:32  SCV  
  53  5:40  Hellion, SCV  
  56  5:45  Supply Depot, SCV  
  57  5:52  Marine, SCV  
  59  5:57  SCV  
  60  6:05  Marine  
  60  6:07  SCV  
  60  6:09  Supply Depot, SCV  
  63  6:18  Marine  
  64  6:19  SCV  
  65  6:31  Marine, SCV x2  
  65  6:32  Supply Depot  
  68  6:43  SCV  
  68  6:44  Marauder, SCV  
  63  6:55  Supply Depot  
  63  6:56  SCV  
Tags
 
Composition
MMM Bio
Matchup
TvT
Race
Terran
Spawn Locations
Cross Positions
Add a new tag
Caveats
  • Supply blocks, unpowered buildings, or Contaminate may cause inaccurate times.
  • Supply counts are checked every 10 seconds.